 Dungeon Crawl Stone Soup version 0.27.1-15-g792fb953b9 (webtiles) character file.

Game seed: 18213663899375432473

1 ANNNA the Stinger (level 1, 0/10 HPs)
             Began as a Deep Elf Venom Mage on Nov 19, 2021.
             Slain by a quokka (3 damage)
             ... on level 1 of the Dungeon.
             The game lasted 00:00:11 (54 turns).

ANNNA the Stinger (Deep Elf Venom Mage)               Turns: 54, Time: 00:00:11

Health: 0/10       AC:  2    Str:  5    XL:     1   Next: 16%
Magic:  5/6        EV: 12    Int: 19    God:
Gold:   0          SH:  0    Dex: 15    Spells: 5/6 levels left

rFire    . . .     SeeInvis .   (no weapon)
rCold    . . .     Faith    .   (no shield)
rNeg     . . .     Spirit   .   a - +0 robe
rPois    .         Reflect  .   (no helmet)
rElec    .         Harm     .   (no cloak)
rCorr    .         Rampage  .   (no gloves)
Will     .....                  (no boots)
Stlth    ++........             (no amulet)
HPRegen  0.03/turn              (no ring)
MPRegen  0.10/turn              (no ring)

@: no status effects
A: no striking features
a: no special abilities


You were on level 1 of the Dungeon.
You visited 1 branch of the dungeon, and saw 1 of its levels.

Inventory:

Missiles
 b - 20 stones
Armour
 a - a +0 robe (worn)
Potions
 c - a potion of curing {unknown}


   Skills:
 + Level 2.4 Dodging
 + Level 2.4 Stealth
 + Level 3.1 Spellcasting
 + Level 1.1 Transmutations
 + Level 3.2 Poison Magic


You had 5 spell levels left.
You knew the following spells:

 Your Spells              Type           Power      Damage    Failure   Level
a - Sting                 Tmut/Pois      44%        1d5       6%          1

Your spell library contained the following spells:

 Spells                   Type           Power      Damage    Failure   Level
 Poisonous Vapours        Pois/Air       18%        N/A       12%         2
 Mephitic Cloud           Conj/Pois/Air  7%         N/A       28%         3
 Olgreb's Toxic Radiance  Pois           15%        N/A       36%         4


Dungeon Overview and Level Annotations

Branches:
Dungeon (1/15)

Altars:


Message History

Welcome, ANNNA the Deep Elf Venom Mage.
Will you be the one to retrieve the awesome Orb of Zot from the depths?
Press ? for a list of commands and other information.
Found 20 stones and a smoky dark potion.
Found a staircase leading out of the dungeon.
You see here 20 stones.
b - 20 stones You can't see any susceptible monsters within range! (Use Z to cast anyway.)
c - a smoky dark potion A giant cockroach comes into view.
Casting: Sting (safe; 6% risk of failure)
Confirm with . or Enter, or press ? or * to list all spells.
Aiming: Sting (safe; 6% risk of failure)
Press: ? - help, Shift-Dir - straight line, f - giant cockroach
Aim: a giant cockroach (asleep, 100% to hit)
The sting hits the giant cockroach.
The giant cockroach is poisoned.
You kill the giant cockroach!
Magic restored.
Found a hand axe.
A quokka comes into view.
Found a scroll labelled FYCOSM LEWIGIE.
Found a stone staircase leading down.
A quokka is nearby!
A rat and a goblin come into view.
Found a scroll labelled AFIASU ZURISH.
The goblin shouts!
A giant cockroach comes into view. x2; A hobgoblin comes into view.
Sorry, you're not good enough to have a special ability.
Casting: Sting (safe; 6% risk of failure)
Confirm with . or Enter, or press ? or * to list all spells.
Aiming: Sting (safe; 6% risk of failure)
Press: ? - help, Shift-Dir - straight line, f - quokka
Aim: a quokka (60% to hit)
The sting misses the quokka.
The hobgoblin shouts!
You hear an angry hiss.
The quokka bites you. The quokka bites you.
Ouch! That really hurt!
* * * LOW HITPOINT WARNING * * *
The quokka bites you.
You die...

......... ..
..?......#.#
......g....# .
........#.. ..
.....?....##.#
.......g)... ..B...r.#.#
#.r.# #@##..............
.#### #.#......#........
....###.##.......#......
#..#..#.....#....#....
#....##...........#..
###..#....#.#.#.#...#
#..##..............
#..#...#..#.<.#..#.
#..##..............


You could see a quokka, a hobgoblin, a goblin and a rat.

Vanquished Creatures
  A giant cockroach (D:1)
1 creature vanquished.

Notes
Turn   | Place    | Note
-------+----------+-------------------------------------------
     0 | D:1      | ANNNA the Deep Elf Venom Mage began the quest for the Orb.
     0 | D:1      | Reached XP level 1. HP: 10/10 MP: 6/6
    54 | D:1      | Slain by a quokka

Illustrated notes

Levels and vault maps discovered:
D:1:      co_arrival_square_in_a_square_in_a_square, layout_rooms,
          shapermc_ecumenical_altar_ellora, minmay_distorted

Action                   || total
-------------------------++-------
 Cast: Sting             ||     2
